AoeStats
← _The_Lion

Enclosed

506043032Analyzed
1v1 RM · 22d ago on Sep 12, 2026· 40m 48s· 2 players
Game mode
Random Map
Map size
Tiny (2 player)
Population
200
Speed
Normal
Resources
Standard
Victory
Conquest
Starting age
Dark Age
Ending age
Imperial Age
RankedLock teamsTeams togetherTeam positionsShared explorationLock speedFull tech treeHidden civsTurbo modeCheats
Victory
Defeat
🇺🇸 Malay · United States
1727
+13
🇨🇦 Turks · Canada
1655
-13
_The_Lion
6:33 Loom
9:05 Feudal Age
14:24 Padded Archer Armor
14:37 Fletching
15:11 Double-Bit Axe
21:00 Castle Age
21:36 Bodkin Arrow
21:50 Thumb Ring
26:50 Bow Saw
33:54 Wheelbarrow
36:46 Imperial Age
34:13 Horse Collar
36:27 Scale Barding Armor
36:39 Masonry
36:58 Bloodlines
36:49 Husbandry
37:56 Forging
38:08 Chain Barding Armor
38:55 Hoardings
39:37 Plate Barding Armor
40:45 Architecture
Durendal
1:40 Loom
6:26 Loom
7:48 Loom
7:58 Loom
11:00 Feudal Age
10:11 Man-at-Arms
10:37 Double-Bit Axe
13:56 Fletching
16:24 Padded Archer Armor
17:21 Wheelbarrow
21:44 Castle Age
19:46 Gold Mining
19:52 Town Watch
20:25 Horse Collar
20:41 Crossbowman
21:17 Bodkin Arrow
24:22 Bow Saw
27:36 Thumb Ring
29:27 Hand Cart
35:11 Imperial Age
33:57 Arbalester
34:38 Bracer
35:49 Chemistry
35:17 Conscription
34:50 Pikeman
35:31 Squires
35:48 Forging
36:41 Heavy Plow
38:37 Leather Archer Armor
39:10 Ballistics
40:22 Redemption
40:56 Iron Casting
40:51 Ring Archer Armor
40:18 Halberdier
Connection lost

Rejoining the realm…

Still unreachable

The connection could not be restored.

Session expired

The server has moved on; the page needs a fresh start.